 Dungeon Crawl Stone Soup version 0.23.2 (webtiles) character file.

Game seed: 13379680784889633277

172 Marnok the Shield-Bearer (level 5, -2/46 HPs)
             Began as a Minotaur Fighter on Apr 3, 2019.
             Slain by a wight
             ... wielding a +5 mace
              (4 damage)
             ... on level 3 of the Dungeon.
             The game lasted 00:05:11 (1809 turns).

Marnok the Shield-Bearer (Minotaur Fighter)         Turns: 1809, Time: 00:05:13

Health: -2/46      AC: 13    Str: 26    XL:     5   Next: 27%
Magic:  4/4        EV:  5    Int:  5    God:
Gold:   152        SH: 10    Dex: 10    Spells: 4/4 levels left

rFire    . . .     SeeInvis +   a - +0 war axe
rCold    . . .     Gourm    .   c - +0 shield
rNeg     . . .     Faith    .   m - +0 plate armour
rPois    .         Spirit   .   (helmet restricted)
rElec    .         Reflect  .   (no cloak)
rCorr    .         Harm     .   (no gloves)
MR       .....                  (no boots)
Stlth    ..........             j - amulet of magic regeneration
HPRegen  0.15/turn              e - ring of see invisible
MPRegen  0.34/turn              (no ring)

@: mighty, about to teleport, drained
A: retaliatory headbutt, horns 2, molten scales 1, mutation resistance 1
a: no special abilities


You were on level 3 of the Dungeon.
You were not hungry.

You visited 1 branch of the dungeon, and saw 3 of its levels.

You collected 152 gold pieces.

Inventory:

Hand Weapons
 a - a +0 war axe (weapon)
 p - a +3 short sword
Armour
 b - a +0 scale mail
 c - a +0 shield (worn)
 m - a +0 plate armour (worn)
Jewellery
 e - a ring of see invisible (left hand)
 j - an amulet of magic regeneration (around neck)
Wands
 q - a wand of paralysis (9)
Scrolls
 i - a scroll of teleportation
 n - a scroll of remove curse
Potions
 g - a potion of degeneration {unknown}
 h - a potion of mutation
 k - 2 potions of ambrosia {unknown}
 l - a potion of curing {unknown}
Comestibles
 f - 6 rations
 o - a chunk of flesh


   Skills:
 + Level 4.0(3.2) Fighting
 + Level 4.4(3.6) Axes
 + Level 4.4(3.6) Armour
 + Level 1.4(0.6) Dodging
 + Level 0.1(0.0) Stealth
 + Level 4.8(3.9) Shields


You had 4 spell levels left.
You didn't know any spells.
Your spell library was empty.

Dungeon Overview and Level Annotations

Branches:
Dungeon (3/15)

Altars:
Dithmenos
Sif Muna


Innate Abilities, Weirdness & Mutations

You reflexively headbutt those who attack you in melee.
You have a pair of horns on your head.
You are partially covered in molten scales. (AC +2)
You are somewhat resistant to further mutation.


Message History

* * * LOW HITPOINT WARNING * * *
As you read the scroll of teleportation, it crumbles to dust.
You feel strangely unstable. The wight hits you but does no damage.
The wight hits you with a cursed +6 flail.
* * * LOW HITPOINT WARNING * * *
The wight hits you but does no damage.
It was a potion of mutation.
You feel extremely strange.
Molten scales grow over part of your body.
You feel genetically stable. The rat bites you but does no damage.
The wight hits you with a +1 long sword of freezing.
* * * LOW HITPOINT WARNING * * *
The wight freezes you.
* * * LOW HITPOINT WARNING * * *
The wight hits you with a cursed +6 flail.
* * * LOW HITPOINT WARNING * * *
You feel drained.
* * * LOW HITPOINT WARNING * * *
The wight hits you with a +5 mace.
You die...

..##.<#......#.#.#,#.....#.#.#...
...####..........#,##.####.#.....
#####......#.....#,#.............
...##............#+#............*
...####...........[...........,,,
...# #####..###..........##.,,,,
...########....Z..........#******
.....(##.......#zz........# #####
..............zr@)........###....
#....z.....#...#z.........#......
..####.....#.###..>.......#.#....
z.# ###z......#..........#.###.)
..# #.......#..............#)#
###****####....#................#
*,,,,,,,*#.........######.##.###
*,,,,,,,*#.................#.#
*,,,,,,,*#.........######..#.#


You could see 4 wights, a rat and a centaur skeleton.

Vanquished Creatures
  A wight (D:3)
  3 gnolls (D:3)
  3 adders
  4 worms
  2 leopard geckos
  5 orcs (D:3)
  3 ball pythons
  3 giant cockroaches
  3 goblins
  A hobgoblin (D:2)
  6 jackals
  5 kobolds
  A quokka (D:2)
  13 bats
  2 frilled lizards
  5 rats
60 creatures vanquished.

Notes
Turn   | Place    | Note
-------+----------+-------------------------------------------
     0 | D:1      | Marnok the Minotaur Fighter began the quest for the Orb.
     0 | D:1      | Reached XP level 1. HP: 19/19 MP: 0/0
   285 | D:1      | Reached XP level 2. HP: 27/27 MP: 1/1
   856 | D:2      | Reached XP level 3. HP: 33/33 MP: 2/2
   880 | D:2      | Found a deep blue altar of Sif Muna.
  1545 | D:3      | Reached XP level 4. HP: 40/40 MP: 3/3
  1594 | D:3      | Reached skill level 1 in Dodging
  1609 | D:3      | Found a shadowy altar of Dithmenos.
  1807 | D:3      | Reached XP level 5. HP: 13/46 MP: 4/4
  1809 | D:3      | Gained mutation: You are partially covered in molten
                  | scales. (AC +2) [potion of mutation]
  1809 | D:3      | Gained mutation: You are somewhat resistant to further
                  | mutation. [potion of mutation]
  1809 | D:3      | HP: 2/46 [wight/cursed +6 flail (1)]
  1809 | D:3      | Slain by a wight

Skill      XL: |  1  2  3  4 |
---------------+-------------+-----
Armour         | 4 |  4.4
Shields        | 4 |  4.8
Axes           | 3 4 |  4.4
Dodging        | 1 |  1.4
Fighting       | 4 |  4.0
Stealth        | |  0.1

Action                   |  1- 3 |  4- 6 || total
-------------------------+-------+-------++-------
Melee: War axe           |    98 |    49 ||   147
       Headbutt          |    15 |    13 ||    28
  Use: Scroll            |     5 |     1 ||     6
       Potion            |       |     2 ||     2
  Eat: Chunk             |     2 |     1 ||     3
Armor: Scale mail        |    30 |       ||    30
       Plate armour      |    22 |    33 ||    55
Dodge: Dodged            |    19 |     8 ||    27
Block: Shield            |    61 |    22 ||    83
